 Dungeon Crawl Stone Soup version 0.18.1-48-g4cf74bf (webtiles) character file.

146 Larett the Covert (level 5, -4/25 HPs)
             Began as a Spriggan Assassin on July 6, 2016.
             Slain by a gnoll
             ... wielding a +0 spear
              (11 damage)
             ... on level 3 of the Dungeon.
             The game lasted 00:08:10 (3060 turns).

Larett the Covert (Spriggan Assassin)               Turns: 3060, Time: 00:08:10

Health: -4/25      AC:  5    Str:  7    XL:     5   Next: 7%
Magic:  6/6        EV: 17    Int: 13    God:
Gold:   150        SH:  0    Dex: 18    Spells: 0 memorised, 4 levels left

rFire  . . .     SeeInvis +     a - +1 dagger (venom)
rCold  . . .     Gourm    .     c - +0 robe
rNeg   . . .     Faith    .     (shield restricted)
rPois  .         Spirit   .     (helmet restricted)
rElec  .         Dismiss  .     r - +2 cloak
rCorr  +         Reflect  .     (gloves unavailable)
SustAt .         Harm     .     (boots unavailable)
MR     .....                    (no amulet)
Stlth  +++++.....               (no ring)
                                q - ring of resist corrosion

@: very quick, not resistant to hostile enchantments, quite stealthy
A: unfitting armour, see invisible, herbivore 3, speed 3, slow metabolism 2
a: no special abilities


You were on level 3 of the Dungeon.
You were not hungry.

You visited 1 branch of the dungeon, and saw 3 of its levels.

You collected 150 gold pieces.

Inventory:

Hand Weapons
 a - a +1 dagger of venom (weapon)
 b - a +0 blowgun
 i - a +2 dagger of draining
 v - a +2 dagger
 x - a +0 hunting sling
 D - a +0 hunting sling
Missiles
 d - 26 arrows
 e - 5 poisoned needles
 f - 3 curare-tipped needles
 o - 58 stones (quivered)
 s - 12 sling bullets
 C - 21 bolts
Armour
 c - a +0 robe (worn)
 r - a +2 cloak (worn)
Jewellery
 q - a ring of resist corrosion (left hand)
Scrolls
 k - a scroll of teleportation {unknown}
 m - 3 scrolls of immolation
 n - 2 scrolls of fear
 p - 2 scrolls of enchant armour
 u - a scroll of enchant weapon {unknown}
 y - a scroll of amnesia {unknown}
 E - a scroll of fog {unknown}
 G - a scroll of identify
Potions
 h - 3 potions of lignification
 j - a potion of agility {unknown}
 l - a potion of mutation {unknown}
 t - a potion of might {unknown}
 w - 3 potions of curing {unknown}
 z - a potion of ambrosia {unknown}
 A - a potion of haste {unknown}
 B - 2 potions of brilliance {unknown}
 F - a potion of heal wounds {unknown}
Comestibles
 g - a bread ration


   Skills:
 - Level 1.5 Fighting
 + Level 3.3 Short Blades
 - Level 2.0 Throwing
 - Level 1.5 Dodging
 - Level 9.0 Stealth


You had 4 spell levels left.
You didn't know any spells.

Dungeon Overview and Level Annotations

Branches:
Dungeon (3/15)

Altars:
Ashenzari
Cheibriados
Fedhas
Qazlal
Sif Muna

Annotations:
D:3 Natasha


Innate Abilities, Weirdness & Mutations

You are tiny and cannot use many weapons and most armour.
You have supernaturally acute eyesight.
You are a herbivore.
You cover ground extremely quickly.
You need consume almost no food.


Message History

There is an open door here.
The goblin closely misses you. The gnoll misses you.
You hit the goblin.
The goblin is poisoned.
The goblin is heavily wounded.
The goblin misses you.
The gnoll hits you from afar with a spear.
You hit the goblin.
You kill the goblin!
The gnoll barely misses you.
Natasha, Servant of Life and Death comes into view.
The gnoll hits you with a spear.
You closely miss the gnoll. The gnoll barely misses you.
You closely miss the gnoll.
Natasha hisses angrily.
You hit the gnoll.
The gnoll is poisoned.
The gnoll is moderately wounded.
The gnoll hits you with a spear!
* * * LOW HITPOINT WARNING * * *
The gnoll hits you from afar with a spear!
You die...

####### #...†.. #[....######
#..#### ######.....#....# #..#
#...##..†..#..%.# #..#
#.).##.....'K._.# #..#
#####...##..gK.#g...# #..#
#.......####g#<#....# #..#
####.......####.###########..#
...'.......'..h.i.......'...>#
####.......#########....######
#.........# #....#
####....#....#### #....#
...'....'....'..####....#
####....#....#....##....#
#....#....#)...##....#########
#....######....##.#####<.....#
#....# #....##.# ######.#


You could see Natasha, a gnoll and a goblin.

Vanquished Creatures
  Natasha (D:3)
  3 adders (D:3)
  A shadow imp (D:3)
  4 worms
  3 dart slugs
  3 giant geckos
  5 orcs (D:3)
  2 giant cockroaches (D:2)
  2 goblins
  11 hobgoblins
  4 jackals (D:1)
  A quokka (D:3)
  4 bats
  2 giant newts
  8 kobolds
  7 rats
61 creatures vanquished.

Notes
Turn   | Place    | Note
--------------------------------------------------------------
     0 | D:1      | Larett the Spriggan Assassin began the quest for the Orb.
     0 | D:1      | Reached XP level 1. HP: 10/10 MP: 2/2
    28 | D:1      | Reached skill level 6 in Stealth
   306 | D:1      | Reached XP level 2. HP: 14/14 MP: 3/3
   512 | D:1      | Reached skill level 7 in Stealth
   997 | D:1      | Reached XP level 3. HP: 18/18 MP: 4/4
  1090 | D:2      | Found a stormy altar of Qazlal.
  1591 | D:2      | Found a shattered altar of Ashenzari.
  1653 | D:2      | Reached skill level 8 in Stealth
  1698 | D:2      | Found a deep blue altar of Sif Muna.
  1831 | D:2      | Found a blossoming altar of Fedhas.
  2245 | D:3      | Reached XP level 4. HP: 13/22 MP: 5/5
  2625 | D:3      | Reached skill level 9 in Stealth
  2798 | D:3      | Noticed Natasha
  2805 | D:3      | Killed Natasha
  2809 | D:3      | Reached skill level 3 in Short Blades
  2829 | D:3      | Reached XP level 5. HP: 18/25 MP: 6/6
  3041 | D:3      | Found a snail-covered altar of Cheibriados.
  3056 | D:3      | Noticed Natasha
  3060 | D:3      | Slain by a gnoll

Skill      XL: |  1  2  3  4 |
---------------+-------------+-----
Stealth        | 6 7 8 9 |  9.0
Short Blades   | 3 |  3.3
Fighting       | |  1.5
Throwing       | |  2.0
Dodging        | |  1.5

Action                   |  1- 3 |  4- 6 || total
-------------------------+-------+-------++-------
Melee: Dagger            |   117 |    46 ||   163
 Fire: Blowgun           |    19 |    11 ||    30
Throw: Stone             |     2 |       ||     2
  Use: Scroll            |     4 |       ||     4
 Stab: Sleeping          |    18 |     2 ||    20
       Distracted        |     1 |     1 ||     2
Armor: Robe              |    30 |     2 ||    32
Dodge: Dodged            |    87 |    26 ||   113
